 Dungeon Crawl Stone Soup version 0.28.0 (webtiles) character file.

Game seed: 14597863766503954981

327085 ProzacElf the Force of Nature (level 20, 0/170 HPs)
             Began as a Demonspawn Monk on Feb 5, 2022.
             Was the Champion of Fedhas.
             Killed from afar by an ironbound thunderhulk (66 damage)
             ... with a bolt of lightning
             ... on level 4 of the Vaults.
             The game lasted 03:08:36 (52581 turns).

ProzacElf the Force of Nature (Demonspawn Monk)    Turns: 52581, Time: 03:08:37

Health: 0/170      AC: 38    Str: 21    XL:     20   Next: 77%
Magic:  34/34      EV: 15    Int: 15    God:    Fedhas [******]
Gold:   3515       SH: 17    Dex: 19    Spells: 18/19 levels left

rFire   + . .      SeeInvis +   a - +9 morningstar (freeze)
rCold   . . .      Faith    .   b - +0 kite shield
rNeg    + + .      Spirit   .   W - +8 plate armour {rF+}
rPois   +          Reflect  +   l - +4 helmet "Xiehuof" {rPois SInv Stlth+}
rElec   .          Harm     .   w - +0 cloak of Bontou {Will+ Regen+ Dex+3}
rCorr   +          Rampage  .   F - +2 pair of gloves of Dosetein {+Blink Int+4 SInv}
Will    ++...                   (boots unavailable)
Stlth   ..........              r - amulet of Tenyer {Reflect rPois rN++ rCorr SH+5}
HPRegen 1.18/turn               f - +4 ring of slaying
MPRegen 0.24/turn               u - +4 ring of protection

@: repel missiles
A: hooves 3, repulsion field 3, foul stench 2, augmentation 1, demonic magic 2
}: 2/15 runes: decaying, serpentine
a: Renounce Religion, Evoke Blink, Wall of Briars, Grow Ballistomycete,
Overgrow, Grow Oklob


You were on level 4 of the Vaults.
You worshipped Fedhas.
Fedhas was exalted by your worship.
You visited 7 branches of the dungeon, and saw 36 of its levels.
You visited the Abyss 1 time.
You also visited: Sewer, Ossuary and Bailey.

You collected 4437 gold pieces.
You spent 922 gold pieces at shops.

Inventory:

Hand Weapons
 a - a +9 morningstar of freezing (weapon)
Missiles
 c - 3 atropa-tipped darts
 d - 2 silver javelins
 j - 26 boomerangs (quivered)
 k - 36 poisoned darts
 y - 12 curare-tipped darts
 L - 4 datura-tipped darts
 M - 10 javelins
 Z - 5 throwing nets
Armour
 b - a +0 kite shield (worn)
 l - the +4 helmet "Xiehuof" (worn) {rPois SInv Stlth+}
   (You bought it in a shop on level 2 of the Orcish Mines)

   rPois:     It protects you from poison.
   SInv:      It lets you see invisible.
   Stlth:     It makes you more stealthy.
 w - the +0 cloak of Bontou (worn) {Will+ Regen+ Dex+3}
   (You bought it in a shop on level 2 of the Orcish Mines)

   Dex:       It affects your dexterity (+3).
   Regen:     It increases your rate of health regeneration.
   Will:      It increases your willpower.
 F - the +2 pair of gloves of Dosetein (worn) {+Blink Int+4 SInv}
   (You found it on level 5 of the Lair of Beasts)

   Int:       It affects your intelligence (+4).
   SInv:      It lets you see invisible.
   +Blink:    It lets you blink.
 W - a +8 plate armour of fire resistance (worn)
Jewellery
 f - a +4 ring of slaying (left hand)
 p - a ring of resist corrosion
 r - the amulet of Tenyer (around neck) {Reflect rPois rN++ rCorr SH+5}
   (You took it off a naga sharpshooter on level 4 of the Snake Pit)

   [amulet of reflection]

   It reflects blocked missile attacks.
   rPois:     It protects you from poison.
   rN:        It greatly protects you from negative energy.
   rCorr:     It protects you from acid and corrosion.
   SH:        It affects your SH (+5).
 u - a +4 ring of protection (right hand)
 D - a ring of ice
Wands
 i - a wand of mindburst (4)
 s - a wand of acid (19)
 B - a wand of flame (29)
 I - a wand of polymorph (18)
 Q - a wand of paralysis (18)
 R - a wand of iceblast (11)
 S - a wand of digging (18)
 Y - a wand of charming (16)
Scrolls
 e - 4 scrolls of blinking
 g - 7 scrolls of immolation
 m - 12 scrolls of teleportation
 q - 7 scrolls of fear
 G - a scroll of enchant armour
 H - 3 scrolls of fog
 N - 3 scrolls of magic mapping
 O - a scroll of enchant weapon
 P - 4 scrolls of summoning
Potions
 h - 2 potions of invisibility
 n - 3 potions of ambrosia {!e}
 o - a potion of berserk rage
 t - 5 potions of cancellation
 v - 3 potions of attraction
 x - 3 potions of heal wounds
 z - 8 potions of resistance
 A - 2 potions of haste
 E - 9 potions of might
 J - 5 potions of flight
 K - 12 potions of curing
 T - 2 potions of magic
 V - 7 potions of brilliance
Miscellaneous
 C - a tin of tremorstones (2/2)


   Skills:
 - Level 18.0 Fighting
 - Level 2.6 Long Blades
 + Level 17.8 Maces & Flails
 + Level 4.2 Throwing
 + Level 12.8 Armour
 - Level 10.0 Dodging
 - Level 5.0 Stealth
 - Level 10.0 Shields
 - Level 20.0 Invocations
 - Level 15.0 Evocations


You had 18 spell levels left.
You knew the following spells:

 Your Spells              Type           Power      Damage    Failure   Level
z - Animate Skeleton      Necr           0%         N/A       100%        1

Your spell library contained the following spells:

 Spells                   Type           Power      Damage    Failure   Level
 Foxfire                  Conj/Fire      0%         2x1d4     100%        1
 Pain                     Necr           0%         1d4       100%        1
 Sting                    Tmut/Pois      0%         1d3       100%        1
 Summon Small Mammal      Summ           0%         N/A       100%        1
 Scorch                   Fire           0%         2d5       100%        2
 Static Discharge         Conj/Air       0%         N/A       100%        2
 Sublimation of Blood     Necr           0%         N/A       100%        2
 Wereblood                Tmut           0%         N/A       100%        2
 Call Canine Familiar     Summ           0%         N/A       100%        3
 Conjure Flame            Conj/Fire      0%         6-21      100%        3
 Inner Flame              Hex/Fire       0%         N/A       100%        3
 Summon Guardian Golem    Hex/Summ       0%         N/A       100%        3
 Tukima's Dance           Hex            0%         N/A       100%        3
 Vampiric Draining        Necr           0%         2d6       100%        3
 Anguish                  Hex/Necr       0%         N/A       100%        4
 Cause Fear               Hex            0%         N/A       100%        4
 Dispel Undead            Necr           0%         3d6       100%        4
 Flame Wave               Conj/Fire      0%         2d4       100%        4
 Passage of Golubria      Tloc           0%         N/A       100%        4
 Petrify                  Tmut/Erth      0%         N/A       100%        4
 Sticky Flame             Conj/Fire      0%         2d3       100%        4
 Blade Hands              Tmut           0%         N/A       100%        5
 Irradiate                Conj/Tmut      0%         3d13      100%        5
 Iskenderun's Battlesphe  Conj           0%         2d6       100%        5
 Summon Forest            Summ/Tloc      0%         N/A       100%        5
 Yara's Violent Unravell  Hex/Tmut       0%         3d3       100%        5
 Eringya's Noxious Bog    Tmut/Pois      0%         N/A       100%        6
 Iron Shot                Conj/Erth      0%         9d1       100%        6
 Summon Cactus Giant      Summ           0%         N/A       100%        6
 Dragon Form              Tmut           0%         N/A       100%        7
 Enfeeble                 Hex            0%         N/A       100%        7
 Spellforged Servitor     Conj/Summ      0%         N/A       100%        7
 Summon Hydra             Summ           0%         N/A       100%        7
 Discord                  Hex            0%         N/A       100%        8


Dungeon Overview and Level Annotations

Branches:
Dungeon (15/15)            Temple (1/1) D:4            Lair (6/6) D:8
  Swamp (4/4) Lair:4        Snake (4/4) Lair:4        Slime (0/5) Lair:6
    Orc (2/2) D:12            Elf (0/3) Orc:2        Vaults (4/5) D:14
  Crypt (0/3) Vaults:2     Depths (0/4) D:15          Sewer (visited)
Ossuary (visited)          Bailey (visited)

Altars:
Ashenzari
Cheibriados
Dithmenos
Elyvilon
Fedhas
Gozag
Hepliaklqana
Kikubaaqudgha
Makhleb
Nemelex Xobeh
Okawaru
Qazlal
Ru
Sif Muna
Trog
Uskayaw
Vehumet
Wu Jian
Xom
Yredelemnul
Zin
The Shining One
Beogh
Jiyva

Shops:
D:8 :   D:9 !   Orc:2 *[=(:   Snake:2 =:=(   Vaults:3 *   Vaults:4 !

Portals:
Trove: D:11 (give +6 demon blade)

Annotations:
Lair:6 2 transporters, Lemondrips's ghost, journeyman MfDe
Snake:2 3 runed translucent doors, exclusion: obsidian statue, Ciageutz's ghost, journeyman GnWz
Orc:2 2 transporters, AlmostDecent's ghost, journeyman GrBe


Innate Abilities, Weirdness & Mutations

You have hooves in place of feet.
You are surrounded by a strong repulsion field. (EV +4, RMsl)
You sometimes emit foul miasma when damaged in melee.
Your magical and physical power is slightly enhanced at high health.
Spells you cast may paralyse nearby enemies.


Message History

Ye block tha dire elephant's attack.
Tha dire elephant closely misses ye.
Ye thump tha dire elephant!
Ye freeze tha dire elephant.
Ye kill tha dire elephant!
Fedhas appreciates yer contribution ta tha ecosystem.
Tha orc knight closely misses ye.
Ye closely miss tha orc knight.
Yer kick misses tha orc knight.
Electricity crackles from tha ironbound thunderhulk's apparatus.
Tha bolt o' lightnin' misses ye.
Tha orc knight hits ye but does nay damage.
Ye closely miss tha orc knight.
Electricity crackles from tha ironbound thunderhulk's apparatus.
Tha bolt o' lightnin' hits ye!!!
* * * LOW HITPOINT WARNIN'
* * * Tha orc knight completely misses ye.
Ye take 56 damage, an' haf 37/170 hp.
MASSIVE DAMAGE!!
Ye be too injured ta fight recklessly!
Ye be too injured ta fight recklessly!
Ye sock tha orc knight!
Ye freeze tha orc knight.
Ye kick tha orc knight, but do nay damage.
Tha orc knight be moderately wounded.
Ye puncture tha orc knight!
Ye freeze tha orc knight.
Yer kick misses tha orc knight.
Tha orc knight be heavily wounded.
Tha orc knight misses ye.
Okay, than.
Ye feel much better.
Ye block tha orc knight's attack.
Ye regain'd 25 hp, an' now haf 64/170 hp.
Ye puncture tha orc knight!
Ye freeze tha orc knight.
Yer kick misses tha orc knight.
Tha orc knight be heavily wounded.
Ye block tha orc knight's attack.
Electricity crackles from tha ironbound thunderhulk's apparatus.
Tha bolt o' lightnin' misses ye.
Ye bludgeon tha orc knight!!
Ye freeze tha orc knight!
Ye kill tha orc knight!
Fedhas appreciates yer contribution ta tha ecosystem.
Electricity crackles from tha ironbound thunderhulk's apparatus.
Tha bolt o' lightnin' hits ye!!!
Ye die...
Fedhas appreciates yer contribution ta tha ecosystem.

#................#
#.......8.8.8....#
.........⌠.⌠.....#
.......#8.∩.8....#
.......#.⌠.).....#
.......#8.8)8....#
.......####(O)...#
.......# #..<†..#
####...# #.....@#
#...# #....).#
#...# #......#
#...#####'#####
#...#.........#
+...#.#.^...#.#
#...#.##...##.#
#...#..##.##..#
####...#...###...#


You could see an ironbound thunderhulk.

Vanquished Creatures
  Saint Roka (Snake:2)
  Rupert (Lair:6)
  2 liches
  Frances (Snake:1)
  A sphinx (Vaults:2)
  2 tentacled starspawn (Abyss:2)
  2 tengu reavers
  A fire giant (Vaults:4)
  2 nagarajas
  9 vault wardens
  Aizul (Snake:1)
  A ghoul (Vaults:2)
  3 orc warlords
  15 ironbound preservers
  6 ironbound thunderhulks
  A stone giant (D:15)
  6 very ugly things
  A war gargoyle (Vaults:3)
  5 bunyips
  4 eleionomae
  9 dire elephants
  Snorg (Orc:1)
  3 great orbs of eyes
  A deep elf death mage (Vaults:3)
  7 yaktaur captains
  7 boulder beetles
  26 hydras
  4 vault guards
  3 ghost crabs
  A spriggan air mage (Swamp:3)
  5 salamander tyrants (Snake:4)
  11 naga warriors
  9 centaur warriors
  4 catoblepae
  10 alligators
  13 anacondas
  3 death knights
  8 two-headed ogres
  3 ironbound frosthearts
  5 death yaks (Lair:5)
  2 orc high priests
  21 naga sharpshooters
  5 shock serpents
  2 spriggan berserkers (Swamp:3)
  2 tengu warriors (D:15)
  3 thrashing horrors (Abyss:2)
  Sonja (Lair:3)
  3 wretched stars (Abyss:2)
  5 skeletal warriors
  8 salamander mystics
  7 goliath frogs
  16 sea snakes
  A sixfirhy (Abyss:2)
  59 deep trolls
  2 glowing orange brains
  6 bog bodies
  A spriggan druid (Swamp:3)
  12 lindwurms
  2 naga ritualists
  16 wizards
  8 ironbound convokers
  16 swamp dragons
  Pikel (D:8)
  5 starcursed masses
  A wolf spider (Lair:5)
  3 harpies (Vaults:1)
  7 will-o-the-wisps
  3 deep elf pyromancers
  34 ugly things
  8 orc sorcerers
  2 worldbinders (Abyss:2)
  8 orc knights
  3 manticores
  7 mana vipers
  8 guardian serpents
  7 elephants (Lair:5)
  16 naga magi
  22 black mambas
  An apocalypse crab (Abyss:2)
  8 vault sentinels
  2 torpor snails
  2 smoke demons (Abyss:2)
  An orange demon (Abyss:2)
  15 salamanders
  Psyche (D:8)
  2 gargoyles (D:13)
  An unseen horror (Abyss:2)
  A freezing wraith (D:15)
  21 cane toads
  Maggie (D:7)
  15 komodo dragons
  2 hellions (Abyss:2)
  A kobold demonologist (D:11)
  5 rime drakes
  An efreet (Abyss:2)
  25 yaktaurs
  A red devil (Abyss:2)
  4 ancient zymes (Abyss:2)
  7 trolls
  8 hornets
  11 polar bears
  A queen bee (D:9)
  4 tyrant leeches
  3 dream sheep
  15 raiju
  22 slime creatures
  20 blink frogs
  A raiju (shapeshifter) (D:15)
  Sigmund (D:2)
  11 large abominations (Abyss:2)
  A vampire (D:13)
  10 spriggans
  7 wyverns
  27 yaks
  5 wraiths
  A ynoxinul (Abyss:2)
  A yak (shapeshifter) (D:13)
  2 fire bats (Abyss:2)
  7 basilisks
  19 humans (D:14)
  2 steam dragons
  8 wargs
  15 vampire mosquitoes
  11 swamp worms
  A harpy simulacrum (Abyss:2)
  Edmund (D:6)
  An acid dragon (D:7)
  40 nagas
  17 water moccasins
  Duvessa (D:7)
  11 hell hounds (Lair:6)
  2 sky beasts
  6 swamp drakes
  39 orc warriors
  Pargi (Sewer)
  9 necrophages
  15 black bears
  9 centaurs
  8 ogres
  18 wolves
  A phantom (D:7)
  A lemure (D:8)
  A kobold brigand (D:9)
  16 bullfrogs
  3 scorpions
  A wyvern zombie (D:6)
  A naga simulacrum (Abyss:2)
  3 gnoll sergeants
  Dowan (D:7)
  A wyvern skeleton (D:5)
  11 killer bees (D:9)
  10 small abominations (Abyss:2)
  4 electric eels
  A howler monkey (D:12)
  14 wights
  4 centaur zombies
  A quasit (Abyss:2)
  5 hounds
  A human zombie (D:4)
  2 jellies
  Crazy Yiuf (D:2)
  18 orc priests
  An iron imp (Abyss:2)
  A centaur skeleton (D:7)
  Ijyb (D:5)
  An iguana (D:6)
  2 scorpion zombies (D:4)
  21 orc wizards
  3 mummies
  A hound zombie (D:4)
  2 howler monkey zombies
  An adder (D:5)
  25 gnolls
  A white imp (D:8)
  An ufetubus (Abyss:2)
  An adder zombie (D:4)
  A worm (D:4)
  2 dart slugs
  64 orcs
  10 endoplasms
  8 giant cockroaches
  14 hobgoblins
  13 kobolds
  4 quokkas
  8 ball pythons
  4 bats
  3 frilled lizards
  7 gnoll skeletons (Ossuary)
  15 goblins
  5 kobold skeletons (Ossuary)
  13 orc skeletons (Ossuary)
  9 rats
  A ballistomycete spore (Vaults:1)
  2 butterflies (Lair:1)
  2 starspawn tentacles (Abyss:2)
1388 creatures vanquished.

Vanquished Creatures (collateral kills)
  A hydra (Swamp:3)
  An orc high priest (Orc:2)
  2 orc knights
  A black mamba (Snake:1)
  4 orc warriors
  2 orc priests (Orc:2)
  An orc wizard (Orc:2)
  An orc (Orc:2)
  87 ballistomycete spores
100 creatures vanquished.

Vanquished Creatures (others)
  2 thorn hunters (Swamp:4)
  A very ugly thing (Abyss:2)
  A shambling mangrove (Swamp:4)
  A hydra (Swamp:4)
  A swamp dragon (Swamp:4)
  A wizard (Vaults:1)
  3 bloated husks
  A spriggan (Swamp:4)
  A swamp drake (Swamp:4)
  6 ballistomycete spores
  2 briar patches (Swamp:4)
  22 foxfires
  29 fungi
  157 plants
  10 starspawn tentacles (Abyss:2)
238 creatures vanquished.

Grand Total: 1726 creatures vanquished

Notes
Turn   | Place    | Note
-------+----------+-------------------------------------------
     0 | D:1      | ProzacElf the Demonspawn Monk began the quest for the Orb.
     0 | D:1      | Reached XP level 1. HP: 18/18 MP: 1/1
   348 | D:1      | You fall into a shaft and drop 1 floor!
   352 | D:2      | Gained mutation: You may rarely emit foul miasma when
                  | damaged in melee. [demonic ancestry]
   352 | D:2      | Reached XP level 2. HP: 24/24 MP: 2/2
   370 | D:2      | Noticed Sigmund
   808 | D:1      | Reached XP level 3. HP: 27/29 MP: 3/3
  1928 | D:2      | Killed Sigmund
  1929 | D:2      | Reached skill level 5 in Dodging
  1929 | D:2      | Reached skill level 1 in Armour
  1929 | D:2      | Gained mutation: You are surrounded by a mild repulsion
                  | field. (EV +2) [demonic ancestry]
  1929 | D:2      | Reached XP level 4. HP: 26/37 MP: 4/4
  1929 | D:2      | Gained mutation: You are surrounded by a moderate repulsion
                  | field. (EV +3) [demonic ancestry]
  1929 | D:2      | Reached XP level 5. HP: 30/42 MP: 5/5
  2011 | D:2      | Found a shimmering blue altar of Sif Muna.
  2385 | D:2      | Found a runed translucent door.
  2386 | D:2      | Noticed Crazy Yiuf
  2398 | D:2      | Killed Crazy Yiuf
  2652 | D:2      | Identified the +6 mace of Jeorix {venom, Int-4 Dex+4}
  2767 | D:3      | Identified a scroll of acquirement
  2767 | D:3      | Acquired a +4 ring of protection
  2770 | D:3      | Found a glowing drain.
  2772 | D:3      | Reached XP level 6. HP: 48/48 MP: 6/6
  2786 | Sewer    | Entered a sewer
  2803 | Sewer    | Noticed Pargi
  2806 | Sewer    | Killed Pargi
  2955 | D:3      | Found a shadowy altar of Dithmenos.
  2979 | D:3      | Found a stormy altar of Qazlal.
  3244 | D:3      | Found a faded altar of an unknown god.
  3788 | D:4      | Found an ancient bone altar of Kikubaaqudgha.
  3794 | D:4      | Reached skill level 1 in Maces & Flails
  3800 | D:4      | Reached skill level 5 in Fighting
  3800 | D:4      | Gained mutation: You have large cloven feet. [demonic
                  | ancestry]
  3800 | D:4      | Reached XP level 7. HP: 56/56 MP: 7/7
  3947 | D:4      | Found a burning altar of Makhleb.
  3951 | D:4      | Reached skill level 5 in Maces & Flails
  3951 | D:4      | Gained mutation: Spells you cast may paralyse adjacent
                  | enemies. [demonic ancestry]
  3951 | D:4      | Reached XP level 8. HP: 62/62 MP: 8/8
  4182 | D:4      | Found a shimmering blue altar of Sif Muna.
  4317 | D:4      | Found a staircase to the Ecumenical Temple.
  4324 | Temple   | Entered the Ecumenical Temple
  4330 | Temple   | Became a worshipper of Fedhas Madash
  4330 | Temple   | Reached * piety under Fedhas
  4330 | Temple   | Reached ** piety under Fedhas
  4355 | D:4      | Found a sacrificial altar of Ru.
  4506 | D:5      | Entered Level 5 of the Dungeon
  4510 | D:5      | Identified the +3 whip "Reovi" {freeze, *Slow Will+++ MP+9
                  | Stlth+}
  4637 | D:5      | Reached skill level 1 in Invocations
  4706 | D:5      | Noticed Ijyb
  4711 | D:5      | Killed Ijyb
  4851 | D:5      | Got Sif Muna's Compendium of Dusty Transmutation
  4884 | D:5      | Reached skill level 2 in Invocations
  5020 | D:5      | Reached skill level 3 in Invocations
  5103 | D:6      | Noticed Edmund
  5108 | D:6      | Killed Edmund
  5109 | D:6      | Reached skill level 4 in Invocations
  5238 | D:6      | Reached skill level 5 in Invocations
  5292 | D:6      | Reached XP level 9. HP: 62/68 MP: 11/13
  5337 | D:6      | Reached skill level 6 in Invocations
  5393 | D:6      | Found an ornate altar of the Wu Jian Council.
  5426 | D:6      | Reached *** piety under Fedhas
  5620 | D:6      | Reached skill level 7 in Invocations
  5847 | D:7      | Found a sand-covered staircase.
  5857 | Ossuary  | Entered an ossuary
  6065 | D:7      | Noticed Dowan
  6067 | D:7      | Noticed Duvessa
  6073 | D:7      | Killed Dowan
  6073 | D:7      | Reached **** piety under Fedhas
  6080 | D:7      | Killed Duvessa
  6081 | D:7      | Reached skill level 8 in Invocations
  6454 | D:7      | Noticed Maggie
  6474 | D:7      | Killed Maggie
  6475 | D:7      | Reached skill level 9 in Invocations
  6632 | D:7      | Gained mutation: Your magical and physical power is
                  | slightly enhanced at high health. [demonic ancestry]
  6632 | D:7      | Reached XP level 10. HP: 69/74 MP: 17/17
  6930 | D:7      | Learned a level 1 spell: Animate Skeleton
  7311 | D:8      | Found a staircase to the Lair.
  7316 | D:8      | Found an iron altar of Okawaru.
  7336 | D:8      | Reached skill level 10 in Invocations
  7346 | D:8      | Found Awuesm's Book Shoppe.
  7396 | D:8      | Found a flagged portal.
  7450 | Bailey   | Entered a bailey
  7499 | Bailey   | Reached skill level 10 in Maces & Flails
  7613 | Bailey   | Reached skill level 1 in Evocations
  7654 | Bailey   | Noticed an orc knight
  7674 | Bailey   | Killed an orc knight
  7680 | Bailey   | Noticed an orc warlord
  7681 | Bailey   | Noticed an orc knight
  7692 | Bailey   | Killed an orc knight
  7701 | Bailey   | Killed an orc warlord
  7706 | Bailey   | Reached skill level 5 in Evocations
  7842 | Bailey   | Reached XP level 11. HP: 89/89 MP: 18/18
  7843 | Bailey   | Reached skill level 14 in Invocations
  7843 | Bailey   | Gained mutation: You have hoof-like feet. [demonic
                  | ancestry]
  7843 | Bailey   | Reached XP level 12. HP: 96/96 MP: 18/22
  7844 | Bailey   | Gained mutation: Spells you cast may paralyse nearby
                  | enemies. [demonic ancestry]
  7844 | Bailey   | Reached XP level 13. HP: 101/101 MP: 18/23
  7856 | Bailey   | Identified the +1 spear of the Exiled Spirits {flame,
                  | *Noise MP+9 Dex+2}
  8036 | D:8      | Reached skill level 10 in Evocations
  8250 | D:8      | Reached ***** piety under Fedhas
  8304 | D:8      | Reached skill level 10 in Fighting
  8362 | D:8      | Reached XP level 14. HP: 66/110 MP: 24/24
  8699 | D:8      | Noticed Psyche
  8706 | D:8      | Killed Psyche
  8971 | D:8      | Noticed Pikel
  8977 | D:8      | Killed Pikel
  9578 | D:9      | Reached skill level 15 in Invocations
  9828 | D:9      | Found Giponur's Distillery.
  9836 | D:9      | Bought a potion of ambrosia for 96 gold pieces
  9836 | D:9      | Bought a potion of brilliance for 48 gold pieces
  9836 | D:9      | Bought a potion of heal wounds for 60 gold pieces
  9836 | D:9      | Bought a potion of mutation for 96 gold pieces
 10335 | D:10     | Entered Level 10 of the Dungeon
 10963 | D:10     | Reached ****** piety under Fedhas
 11283 | Lair:1   | Entered Level 1 of the Lair of Beasts
 14447 | Lair:3   | Noticed Sonja
 14451 | Lair:3   | Killed Sonja
 16357 | Lair:4   | Found a staircase to the Snake Pit.
 16686 | Lair:4   | Found a staircase to the Swamp.
 17650 | Lair:5   | Gained mutation: You have hooves in place of feet. [demonic
                  | ancestry]
 17650 | Lair:5   | Reached XP level 15. HP: 44/115 MP: 22/26
 19852 | Lair:5   | Identified the +3 scale mail of Eternity {Int+4 Stlth+}
 19865 | Lair:5   | Identified the +2 pair of gloves of Dosetein {+Blink Int+4
                  | SInv}
 20217 | Lair:6   | Entered Level 6 of the Lair of Beasts
 20229 | Lair:5   | Reached skill level 15 in Maces & Flails
 20229 | Lair:5   | Reached skill level 10 in Armour
 20350 | Lair:6   | Noticed Rupert
 20740 | Lair:6   | Paralysed by Rupert for 6 turns
 20758 | Lair:6   | Killed Rupert
 21688 | Lair:6   | Found a transporter.
 21699 | Lair:6   | Noticed Lemondrips's ghost (journeyman MfDe)
 21714 | Lair:6   | Found a transporter.
 21717 | Lair:6   | Found a bloodstained altar of Trog.
 21767 | Lair:6   | Found a viscous altar of Jiyva.
 21767 | Lair:6   | Found a staircase to the Slime Pits.
 21978 | Lair:6   | Found a blossoming altar of Fedhas.
 22483 | Lair:6   | Reached skill level 16 in Invocations
 22643 | Lair:6   | Identified the +2 scale mail of Inviolability {rCorr}
 23296 | D:11     | Found a portal to a secret trove of treasure.
 23844 | D:12     | Found a staircase to the Orcish Mines.
 24568 | Orc:1    | Entered Level 1 of the Orcish Mines
 24570 | Orc:1    | Noticed Maurice
 24572 | Orc:1    | Noticed Maurice
 24572 | Orc:1    | Maurice changed into Maurice the ogre
 24575 | Orc:1    | Killed Maurice the ogre
 24578 | Orc:1    | Noticed Snorg
 24606 | Orc:1    | Killed Snorg
 24607 | Orc:1    | Reached XP level 16. HP: 37/122 MP: 15/28
 25086 | Orc:2    | Entered Level 2 of the Orcish Mines
 25881 | Orc:2    | Reached skill level 17 in Invocations
 27668 | Orc:2    | Found a staircase to the Elven Halls.
 27681 | Orc:2    | Found Piblio's Book Emporium.
 27715 | Orc:2    | Acquired 862 gold pieces
 27721 | Orc:2    | Found a transporter.
 27724 | Orc:2    | Noticed AlmostDecent's ghost (journeyman GrBe)
 27725 | Orc:2    | Found a transporter.
 28154 | Orc:2    | Found Moycice's General Store.
 28155 | Orc:2    | Found Rusam's Jewellery Shoppe.
 28157 | Orc:2    | Found Jetuysittu's Antique Armour Shoppe.
 28157 | Orc:2    | Found Uquwnawa's Antique Weapon Emporium.
 28175 | Orc:2    | Bought an ancient helmet for 237 gold pieces
 28175 | Orc:2    | Identified the +4 helmet "Xiehuof" {rPois SInv Stlth+} (You
                  | bought it in a shop on level 2 of the Orcish Mines)
 28175 | Orc:2    | Bought a faintly glowing cloak for 237 gold pieces
 28175 | Orc:2    | Identified the +0 cloak of Bontou {Will+ Regen+ Dex+3} (You
                  | bought it in a shop on level 2 of the Orcish Mines)
 28217 | Orc:2    | Bought a scroll of teleportation for 42 gold pieces
 28217 | Orc:2    | Bought a potion of curing for 42 gold pieces
 30086 | D:14     | Found a gate to the Vaults.
 30097 | D:14     | Reached skill level 18 in Invocations
 30626 | D:15     | Entered Level 15 of the Dungeon
 31636 | D:15     | Found a staircase to the Depths.
 32266 | Swamp:1  | Entered Level 1 of the Swamp
 32457 | Swamp:1  | Acquired a manual of Fighting
 33050 | Swamp:2  | Reached skill level 10 in Dodging
 33432 | Swamp:2  | Reached skill level 19 in Invocations
 33562 | Swamp:2  | Reached XP level 17. HP: 136/136 MP: 30/30
 34948 | Swamp:3  | Reached skill level 20 in Invocations
 35762 | Swamp:4  | Entered Level 4 of the Swamp
 35774 | Swamp:4  | Reached skill level 15 in Fighting
 36680 | Swamp:4  | Got a decaying rune of Zot
 37845 | Snake:1  | Entered Level 1 of the Snake Pit
 37981 | Snake:1  | Noticed Aizul
 37993 | Snake:1  | Killed Aizul
 38097 | Snake:1  | Noticed Frances
 38118 | Snake:1  | Killed Frances
 38718 | Snake:1  | Gained mutation: You sometimes emit foul miasma when
                  | damaged in melee. [demonic ancestry]
 38718 | Snake:1  | Reached XP level 18. HP: 69/156 MP: 15/32
 39687 | Snake:2  | Found Jocedd's Jewellery Shop.
 39689 | Snake:2  | Found Pani's Jewellery Boutique.
 39689 | Snake:2  | Found Jeigiac's Book Shop.
 39802 | Snake:2  | Found Jewnegg's Weapon Boutique.
 40716 | Snake:2  | Found a runed translucent gate.
 40716 | Snake:2  | Found a runed translucent gate.
 40716 | Snake:2  | Found a runed translucent gate.
 40725 | Snake:2  | Found an opulent altar of Gozag.
 40726 | Snake:2  | Noticed Ciageutz's ghost (journeyman GnWz)
 41449 | Snake:3  | Found a radiant altar of Vehumet.
 41655 | Snake:3  | Noticed Saint Roka
 41709 | Snake:2  | Killed Saint Roka
 42510 | Snake:4  | Entered Level 4 of the Snake Pit
 42779 | Snake:4  | Reached skill level 1 in Shields
 42978 | Snake:4  | Identified the amulet of Tenyer {Reflect rPois rN++ rCorr
                  | SH+5}
 43428 | Snake:4  | HP: 7/157 [naga sharpshooter/arrow (18)]
 44360 | Snake:4  | Reached skill level 5 in Shields
 44490 | Snake:4  | Gained mutation: You are surrounded by a strong repulsion
                  | field. (EV +4, RMsl) [demonic ancestry]
 44490 | Snake:4  | Reached XP level 19. HP: 163/163 MP: 33/33
 44561 | Snake:4  | Got a serpentine rune of Zot
 45284 | Vaults:1 | Entered Level 1 of the Vaults
 45598 | Vaults:1 | Reached skill level 15 in Evocations
 45881 | Vaults:1 | Found a radiant altar of Vehumet.
 45891 | Vaults:1 | Identified the +1 robe of Nazebbits {*Slow +Blink rPois
                  | Int+4}
 45907 | Vaults:1 | Identified the +1 robe of Entitlement {rN+ Stlth+}
 46673 | Vaults:1 | Identified the +6 quarterstaff "Uceb" {holy, rElec Int+6}
 47161 | Vaults:1 | Identified the +4 plate armour of Lust {rPois}
 47238 | Vaults:1 | Cast into level 2 of the Abyss (a wizard)
 48198 | Abyss:2  | Found a corrupted altar of Lugonu.
 48473 | Vaults:1 | Escaped the Abyss
 48482 | Vaults:1 | Reached skill level 10 in Shields
 48563 | Vaults:1 | Identified the +1 plate armour of the Cuttlefish {MP+9}
 48572 | Vaults:1 | You fall into a shaft and drop 1 floor!
 49351 | Vaults:2 | Identified the +7 whip of Destiny {flame, Drain Dex+4
                  | Stlth+}
 49726 | Vaults:2 | Reached skill level 5 in Stealth
 49868 | Vaults:2 | Reached XP level 20. HP: 163/170 MP: 34/34
 50205 | Vaults:2 | Found a staircase to the Crypt.
 50262 | Vaults:2 | Identified the +6 chain mail of Ridiatei {Fly Slay+3}
 51266 | Vaults:3 | Identified the +5 plate armour of the Merchant {*Corrode
                  | rElec rC- Dex+9}
 51520 | Vaults:3 | Reached skill level 1 in Throwing
 51983 | Vaults:3 | Found Agom's Assorted Antiques.
 52003 | Vaults:3 | Bought a scroll of fog for 64 gold pieces
 52122 | Vaults:4 | Found Morat's Distillery.
 52581 | Vaults:4 | Killed from afar by an ironbound thunderhulk

Illustrated notes

Levels and vault maps discovered:
D:1:      wheals_arrival_linesprint, layout_basic
D:2:      layout_loops_ring, basic_altar, uniq_crazy_yiuf_cottage, uniq_sigmund
D:3:      layout_basic, nicolae_dithmenos_the_darkroom,
          nicolae_qazlal_eye_of_the_storm, portal_sewer_entry_b,
          shapermc_ecumenical_altar_acropolis
D:4:      layout_loops_ring, lemuel_blue_sif_altar, lightli_temple_of_fire,
          lemuel_mausoleum_altar_kikubaaqudgha,
          mainiacjoe_overflow_small_starburst,
          minmay_temple_entry_gardened_gates, chequers_serial_rivers_large_b,
          kennysheep_generic_room_9
D:5:      layout_gridville, serial_glass, glass_columns_a, glass_columns_a,
          minmay_misc_feat_five, grunt_decor_clamped, minmay_misc_feat_hallway,
          uniq_ijyb
D:6:      layout_loops_ring, good_gods_temple_1,
          mainiacjoe_overflow_surrounded_room, uniq_edmund
D:7:      layout_layer_cave, lightli_ossuary_entry_decrepit_ruins, uniq_duvessa,
          uniq_maggie
D:8:      layout_basic, mainiacjoe_overflow_concentric_impassable,
          david_lair_shrubbed, enter_bailey_8, serial_shops, shop,
          minmay_shattered_shrine, uniq_psyche, uniq_pikel
D:9:      layout_basic, serial_shops, shop, special_room [special_room_bee],
          serial_curves, eino_curves_03, eino_curves_01, lemuel_flamethrower_1
D:10:     layout_loops_cross
D:11:     layout_rooms, enter_trove_1
D:12:     layout_basic, orc_0_dummy
D:13:     layout_long_grid
D:14:     layout_loops_cross, grunt_vaults_entry_tiered
D:15:     grunt_enter_depths_snipers, layout_basic
Temple:   minmay_freezing_vapour_temple
Lair:1:   layout_regular_city, lemuel_fruit_tree, lemuel_fruit_fields
Lair:2:   layout_regular_city, patterned_corridor
Lair:3:   layout_misc_corridors, uniq_sonja
Lair:4:   layout_regular_city, minmay_swamp_entry_wisps,
          guppyfry_snake_entry_island, gammafunk_lair_bear_cave,
          infiniplex_staircase_pool
Lair:5:   nzn_winding_woodlands_huge [nzn_winding_woodlands_5x15_longhouse,
          nzn_winding_woodlands_5x15_garden,
          nzn_winding_woodlands_5x15_sidewinder,
          nzn_winding_woodlands_5x15_pool,
          nzn_winding_woodlands_5x15_split_checker,
          nzn_winding_woodlands_5x15_lazy_stream,
          nzn_winding_woodlands_5x15_pockets, nzn_winding_woodlands_5x15_parted,
          nzn_winding_woodlands_5x15_zeroes, nzn_winding_woodlands_5x15_jagged,
          nzn_winding_woodlands_center_pierced_h,
          nzn_winding_woodlands_center_lodge,
          nzn_winding_woodlands_15x15_five_gardens], layout_misc_corridors
Lair:6:   hangedman_lair_caniforms_friends, layout_misc_corridors,
          dpeg_slime_entry_enclosed_altar, gammafunk_ghost_wrathful_warriors,
          minivault_25, tgw_fedhas, uniq_rupert
Swamp:1:  layout_basic_swamp, nicolae_swamp_fairy_circle
Swamp:2:  nicolae_swamp_secret_spriggan_hideout, layout_basic_swamp,
          hangedman_swamp_ruin_wall, nicolae_swamp_catching_bugs
Swamp:3:  layout_falls_marsh, nicolae_swamp_trees_clearing, swamp_pool1,
          grunt_hermit_hut
Swamp:4:  swamp_alternative, layout_basic_swamp
Snake:1:  layout_basic, uniq_frances, uniq_aizul
Snake:2:  layout_layer_cave, ebering_ghost_gozag, hangedman_venom_bottle,
          minmay_shoptagon
Snake:3:  nicolae_snake_shooting_gallery, layout_onion, basic_altar,
          grunt_megastairs_2, uniq_saint_roka
Snake:4:  grunt_snake_rune_pools, layout_basic, serial_bayou_shore_b,
          serial_bayou_shore_a
Orc:1:    layout_caves, uniq_maurice, uniq_snorg
Orc:2:    st_orc_congregation, layout_caves, gammafunk_ghost_arena,
          serial_shops, nicolae_shop_trees, basic_altar
Vaults:1: grunt_tower_of_power, v_pattern_3, nicolae_vaults_border_crossing,
          v_misc_8, nicolae_vaults_mini_display_case, v_misc_27, v_misc_17,
          layout_vaults_omnigrid
Vaults:2: vaults_mumra_lcd, ontoclasm_vaults_gateway, vaults_room_door_ring,
          minmay_crypt_entry_simple_statues,
          nicolae_vaults_windows_and_doors_thing, vaults_dpeg_diagonal,
          ontoclasm_vaults_tryst, vaults_room_corners, vaults_room_hallway,
          ontoclasm_vaults_ring_small, v_misc_29, hangedman_vaults_corner,
          ontoclasm_vaults_hangar, v_pattern_4, layout_vaults_ring
Vaults:3: ontoclasm_vaults_ring_large, vaults_room_corners, v_misc_17,
          v_rooms_1, grunt_vaults_bifocal, v_misc_15, nicolae_vaults_theta,
          v_alt_pattern_1, vaults_dpeg_spiral, v_misc_14, hangedman_vaults_trim,
          layout_vaults_maze_bifur, serial_shops, shop
Vaults:4: v_misc_10, nicolae_vaults_rhombus_5, v_alt_pattern_2,
          vaults_room_grunt_arrival_ludios, v_misc_12,
          nicolae_vaults_three_branches, vaults_standard_mumra_x,
          sword_in_stone, ontoclasm_vaults_fault, vaults_dpeg_ring,
          layout_vaults_big_room, serial_shops, nicolae_shop_statue_plus,
          nicolae_shop_temple_entry_statues_fountains, shop,
          nicolae_diamond_shop

Skill      XL: |  1  2  3  4  5  6  7  8  9 10 11 12 13 14 15 16 17 18 19 20 |
---------------+-------------------------------------------------------------+-----
Stealth        | 2 5 |  5.0
Dodging        | 3 5 7 10 | 10.0
Armour         | 1 2 3 6 8 10 11 12 | 12.8
Fighting       | 4 5 9 10 13 17 18 | 18.0
Maces & Flails | 1 5 7 9 10 14 15 16 17 | 17.8
Invocations    | 5 9 10 14 15 16 19 20 | 20.0
Evocations     | 8 9 10 14 15 | 15.0
Shields        | 5 10 | 10.0
Throwing       | 4 |  4.2
Long Blades    | |  2.6

Action                   |  1- 3 |  4- 6 |  7- 9 | 10-12 | 13-15 | 16-18 | 19-21 || total
-------------------------+-------+-------+-------+-------+-------+-------+-------++-------
Melee: Falchion          |    22 |       |       |       |       |       |       ||    22
       Long sword        |    54 |    14 |       |       |       |       |       ||    68
       Mace              |       |    61 |   269 |    72 |  1053 |   446 |       ||  1901
       Punch             |       |     1 |     6 |       |    20 |    14 |       ||    41
       Kick              |       |       |    92 |    25 |   475 |   612 |   546 ||  1750
       Morningstar       |       |       |       |       |       |  1000 |  1122 ||  2122
Throw: Boomerang         |     1 |    10 |       |       |     6 |    55 |       ||    72
Invok: Grow Ballistomyce |       |       |       |     2 |     6 |    13 |     1 ||    22
       Wall of Briars    |       |       |       |       |     1 |     1 |       ||     2
       Grow Oklob        |       |       |       |       |     2 |     3 |       ||     5
       Overgrow          |       |       |       |       |       |     1 |       ||     1
Evoke: Wand              |       |       |       |       |     5 |    13 |       ||    18
       Tin of tremorston |       |       |       |       |     1 |     3 |       ||     4
  Use: Potion            |     1 |     1 |       |     3 |     5 |     6 |     3 ||    19
       Scroll            |       |     4 |     9 |     2 |    14 |     3 |    13 ||    45
 Stab: Sleeping          |     1 |     5 |     9 |       |     1 |       |       ||    16
       Distracted        |       |       |     1 |       |     2 |       |       ||     3
       Confused          |       |       |       |     1 |     3 |     9 |       ||    13
       Paralysed         |       |       |       |       |     2 |       |       ||     2
       Petrified         |       |       |       |       |     2 |       |       ||     2
Armor: Scale mail        |    36 |     8 |       |       |       |       |       ||    44
       Robe              |     2 |       |       |       |       |       |       ||     2
       Troll leather arm |       |    10 |    61 |       |       |       |       ||    71
       Acid dragon scale |       |       |     9 |    12 |   116 |       |       ||   137
       Chain mail        |       |       |       |       |   376 |   785 |    37 ||  1198
       Plate armour      |       |       |       |       |       |       |   455 ||   455
Dodge: Dodged            |    34 |    55 |   178 |    55 |   761 |  1151 |   452 ||  2686
       Repelled          |       |       |       |       |       |       |     7 ||     7
Block: Buckler           |       |       |       |       |       |   133 |       ||   133
       Kite shield       |       |       |       |       |       |   117 |   888 ||  1005
       Reflection        |       |       |       |       |       |    13 |    33 ||    46
